 Dungeon Crawl Stone Soup version 0.29.1-15-g9cfb28693d (webtiles) character file.

Game seed: 4714948413817870152

28 javelincjr the Magician (level 2, -2/21 HPs)
             Began as a Demonspawn Hedge Wizard on Apr 3, 2023.
             Was an Initiate of Gozag.
             Succumbed to an adder's poison
             ... on level 1 of the Dungeon.
             The game lasted 00:04:31 (1556 turns).

javelincjr the Magician (Demonspawn Hedge Wizard)   Turns: 1556, Time: 00:04:32

Health: -2/21      AC:  3    Str: 10    XL:     2   Next: 96%
Magic:  0/6        EV: 12    Int: 15    God:    Gozag
Gold:   147        SH:  0    Dex: 12    Spells: 6/7 levels left

rFire   . . .      SeeInvis .   a - +0 dagger
rCold   . . .      Faith    .   (no shield)
rNeg    . . .      Spirit   .   b - +0 robe
rPois   .          Reflect  .   c - +0 hat
rElec   .          Harm     .   (no cloak)
rCorr   .          Rampage  .   j - +0 pair of gloves
Will    .....                   (no boots)
Stlth   ++........              h - amulet of the acrobat
HPRegen 0.07/turn               (no ring)
MPRegen 0.10/turn               (no ring)

@: brilliant, lethally poisoned (-2 -> -14)
A: powered by death 1
a: Renounce Religion, Potion Petition, Call Merchant, Bribe Branch


You were on level 1 of the Dungeon.
You worshipped Gozag.
Gozag was aware of your devotion.
You visited 1 branch of the dungeon, and saw 2 of its levels.

You collected 147 gold pieces.

Inventory:

Hand Weapons
 a - a +0 dagger (weapon)
Missiles
 m - 6 poisoned darts
Armour
 b - a +0 robe (worn)
 c - a +0 hat (worn)
 j - a +0 pair of gloves (worn)
Jewellery
 h - an amulet of the acrobat (around neck)
Scrolls
 e - a scroll of fog {unknown}
 f - 4 scrolls of identify {unknown}
 i - 2 scrolls of poison {unknown}
 k - a scroll of vulnerability {unknown}
 l - a scroll of teleportation {unknown}
Potions
 d - a potion of magic
 g - a potion of brilliance


   Skills:
 * Level 1.0 Fighting
 + Level 0.3 Armour
 + Level 1.9 Dodging
 - Level 1.8 Stealth
 * Level 3.2 Spellcasting
 + Level 1.4 Conjurations
 + Level 1.3 Summonings
 + Level 1.2 Translocations


You had 6 spell levels left.
You knew the following spells:

 Your Spells              Type           Power      Damage    Failure   Level
a - Magic Dart            Conj           36%        1d4       11%         1

Your spell library contained the following spells:

 Spells                   Type           Power      Damage    Failure   Level
 Call Imp                 Summ           9%         N/A       17%         2
 Blink                    Tloc           18%        N/A       19%         2
 Slow                     Hex            12%        N/A       21%         1
 Conjure Flame            Conj/Fire      6%         6-21      41%         3
 Mephitic Cloud           Conj/Pois/Air  5%         N/A       43%         3


Dungeon Overview and Level Annotations

Branches:
Dungeon (2/15)

Altars:
Gozag


Innate Abilities, Weirdness & Mutations

You regenerate a little health from kills.


Message History

The adder poisons you!
You closely miss the adder.
The adder is severely wounded.
You feel sick. The adder barely misses you.
You hit the adder but do no damage.
The adder is severely wounded.
You feel sick. The adder barely misses you.
Casting: Magic Dart (safe; 11% risk of failure)
Confirm with . or Enter, or press ? or * to list all spells.
Aiming: Magic Dart (safe; 11% risk of failure)
Press: ? - help, Shift-Dir - straight line, f - adder
Aim: an adder (severely wounded, 100% to hit)
The magic dart hits the adder.
The adder is almost dead.
You feel sick. The adder misses you.
The adder is distracted by your dazzling golden aura.
The adder hisses angrily.
You hit the adder but do no damage.
The adder is no longer distracted by gold.
The adder is severely wounded.
You feel sick.
You are no longer poisoned.
The adder bites you.
You are lethally poisoned!
The adder poisons you!
You hit the adder.
The adder is severely wounded.
* * * LOW HITPOINT WARNING * * *
You feel sick. The adder closely misses you. x2
You hit the adder. Your punch misses the adder.
The adder is almost dead.
* * * LOW HITPOINT WARNING * * *
You feel sick. The adder bites you.
* * * LOW HITPOINT WARNING * * *
You are more poisoned.
The adder poisons you!
It was a potion of brilliance.
You feel clever all of a sudden.
You die...
Your body crumbles into a pile of gold.

#...#.#........###....#####
#.......#.###..............
#######..(#.#.#.# #..#.#.#....>..
........#.....#.# #.........###.#
#######.#.##....# #..#.#.#..# #.#
# #.#......## #.........###.# ##
##.#......# #..#.#.#..##.#.
.#####.........####.........#.###
......_........$@S...........## #
..####..#......#####..#####.#.###
#.#####.#.##.#######........##.#.
.........≈##.####....~....#####.#
........##≈####≈#.##~##.#.# #..
#.#####.###≈# #.###≈###.#.# #.#
#.# ##^###≈##.##≈###.##.# #.# ..#
##.##≈##.##≈##.###~# #.# #.# #≈
##.##≈#.#≈##.###~.# #.#


You could see an adder.

Vanquished Creatures
  3 bats (D:1)
  An endoplasm (D:1)
  A giant cockroach (D:1)
  4 goblins
  A hobgoblin (D:1)
  3 jackals (D:1)
  2 quokkas (D:1)
  A ball python (D:1)
  4 frilled lizards (D:1)
  2 kobolds (D:1)
  4 rats
26 creatures vanquished.

Notes
Turn   | Place    | Note
-------+----------+-------------------------------------------
     0 | D:1      | javelincjr the Demonspawn Hedge Wizard began the quest for
                  | the Orb.
     0 | D:1      | Reached XP level 1. HP: 13/13 MP: 4/4
    88 | D:1      | Reached skill level 1 in Translocations
   134 | D:1      | Found a faded altar of an unknown god.
   147 | D:1      | Prayed at the altar of an unknown god.
   147 | D:1      | Became a worshipper of Gozag Ym Sagoz the Greedy
   361 | D:1      | Gained mutation: You regenerate a little health from kills.
                  | [demonic ancestry]
   361 | D:1      | Reached XP level 2. HP: 20/20 MP: 1/6
  1524 | D:2      | Reached skill level 1 in Fighting
  1555 | D:1      | HP: 1/21 [adder (3)]
  1556 | D:1      | Succumbed to an adder's poison

Illustrated notes

Levels and vault maps discovered:
D:1:      spicycebolla_arrival_xxxplode, layout_loops_ring,
          basic_ecumenical_altar, serial_glass, glass_columns_b,
          glass_columns_a, roderic_lattice_a, kennysheep_doodads,
          due_unseen_surprise
D:2:      layout_loops_ring, serial_co_window_serial, co_window_corner_a,
          co_window_of_opportunity_a, co_window_corner_a, co_window_paths_a,
          co_window_paths_a, co_window_corner_cb, co_window_unsneaky_path_c,
          co_window_broadway_c, co_window_sun, co_window_4corner_b,
          glass_columns_b, glass_columns_b, minmay_gold_behind_fungi, uniq_robin

Skill      XL: |  1  2 |
---------------+-------+-----
Translocations | 1 |  1.2
Fighting       | 1 |  1.0
Armour         | |  0.3
Dodging        | |  1.9
Stealth        | |  1.8
Spellcasting   | |  3.2
Conjurations   | |  1.4
Summonings     | |  1.3

Action                   || total
-------------------------++-------
Melee: Dagger            ||    25
 Cast: Magic Dart        ||    62
  Use: Potion            ||     1
Armor: Robe              ||    12
Dodge: Dodged            ||    43
